 Dungeon Sprint DCSS version 0.17.0-18-gaab0e96 (webtiles) character file.

60 hexophile the Grappler (level 3, -2/36 HPs)
             Began as a Troll Monk on Nov 11, 2015.
             Splashed by an oklob sapling priest's acid (14 damage)
             ... in the Dungeon (Sprint IV: "Fedhas' Mad Dash").
             The game lasted 00:00:48 (63 turns).

hexophile the Grappler (Troll Monk)                   Turns: 63, Time: 00:00:48

Health: -2/36      AC:  5    Str: 20    XL:     3   Next: 80%
Magic:  0/2        EV: 10    Int:  6    God:
Gold:   54         SH:  0    Dex: 12    Spells: 0 memorised, 2 levels left

rFire  . . .     SeeInvis .       - Unarmed
rCold  . . .     Clarity  .     a - +0 robe
rNeg   . . .     SustAt   .     (no shield)
rPois  .         Gourm    +     (helmet restricted)
rElec  .         Spirit   .     (no cloak)
rCorr  .         Warding  .     (gloves unavailable)
rMut   .         NoTele   +     (boots unavailable)
MR     .....                    (no amulet)
Stlth  +.........               (no ring)
                                i - ring of invisibility {+Inv}

@: lethally poisoned (-2 -> -2), very slightly contaminated, invisible, not
resistant to hostile enchantments, very unstealthy
A: unfitting armour, claws 3, fast metabolism 3, gourmand, regeneration 2,
shaggy fur 1, tough skin 2
a: Turn Visible


You were in the Dungeon.
You were not hungry.

You visited 1 branch You collected 54 gold pieces.


Innate Abilities, Weirdness & Mutations

You are too large for most types of armour.
You have claws for hands.
Your metabolism is lightning-fast.
You like to eat raw meat.
You heal very quickly.
You are covered in fur (AC +1).
You have very tough skin (AC +2).

Inventory:

Armour
 a - a +0 robe (worn)
Jewellery
 i - a ring of invisibility (left claw) {+Inv}
Scrolls
 b - a scroll of identify {unknown}
 h - a scroll of blinking
Potions
 c - a potion of curing
 d - a potion of heal wounds
 e - a potion of haste
 f - 2 potions of magic
 g - a potion of berserk rage
Comestibles
 r - 2 bread rations


You had 2 spell levels left.
You didn't know any spells.


   Skills:
 - Level 2.4 Fighting
 - Level 2.4 Dodging
 - Level 1.1 Stealth
 * Level 8.6 Unarmed Combat
 * Level 0.0 Evocations

Dungeon Overview and Level Annotations

Branches:
Dungeon (1/1)

Altars:
Cheibriados
Elyvilon
Kikubaaqudgha
Makhleb
Ru
Sif Muna
Trog
Vehumet
Zin
Jiyva
Lugonu

Annotations:
D exclusion: oklob sapling

Vault maps used:
D:        dungeon_sprint_fedhas
You       could see an oklob sapling priest.


Message History

You lost 2 HP.
You have now: 26/36 HP.
You closely miss the worker ant. You claw the worker ant.
You kill the worker ant!
Your Unarmed Combat skill increases to level 8!
You feel sick.
You lost 1 HP.
You have now: 25/36 HP.
You feel sick.
b - a scroll labeled TIAMAI OLEWU You feel sick.
You feel sick.
You now have 10 gold pieces.
You feel sick.
You lost 1 HP.
You have now: 24/36 HP.
You feel sick.
You now have 21 gold pieces (gained 11).
You feel sick.
You lost 1 HP.
You have now: 23/36 HP.
You feel sick.
You now have 36 gold pieces (gained 15).
You feel sick.
You lost 1 HP.
You have now: 22/36 HP.
You feel sick.
You now have 50 gold pieces (gained 14).
You feel sick.
You now have 54 gold pieces (gained 4).
You feel sick.
You feel sick.
You see here a ring of invisibility {+Inv}.
i - a ring of invisibility {+Inv} Put on which piece of jewellery? (? for menu, Esc to quit)
i - a ring of invisibility (left claw) {+Inv} You feel sick.
You lost 1 HP.
You have now: 22/36 HP.
You open the door.
Marking area around the oklob sapling priest as unsafe for travelling.
An oklob sapling priest comes into view.
Found nine altars.
You aren't carrying any items that can be evoked.
Unknown command.
You fail to use your ability.
You fade into invisibility!
You are very lightly contaminated with residual magic.
You feel somewhat more hungry.
You feel sick.
The oklob sapling priest spits acid at you.
The splash of acid misses you.
You lost 1 HP.
You have now: 23/36 HP.
Unknown command.
The oklob sapling priest spits acid at something.
The splash of acid hits you!
* * * LOW HITPOINT WARNING * * *
The acid burns!
You die...

Action                   || total
-------------------------++-------
Melee: Unarmed           ||    12
 Abil: Evoke Invisibilit ||     1
  Eat: Chunk             ||     1

Notes
Turn   | Place    | Note
--------------------------------------------------------------
     0 | D        | hexophile the Troll Monk began the quest for the Orb.
     0 | D        | Reached XP level 1. HP: 22/22 MP: 0/0
     8 | D        | Reached skill level 5 in Unarmed Combat
    10 | D        | Reached XP level 2. HP: 29/29 MP: 1/1
    25 | D        | Noticed an oklob sapling
    29 | D        | Killed an oklob sapling
    29 | D        | Reached skill level 7 in Unarmed Combat
    29 | D        | Reached XP level 3. HP: 36/36 MP: 2/2
    31 | D        | Noticed a worker ant
    39 | D        | Killed a worker ant
    39 | D        | Reached skill level 8 in Unarmed Combat
    60 | D        | Found a snail-covered altar of Cheibriados.
    60 | D        | Found a glowing silver altar of Zin.
    60 | D        | Found a white marble altar of Elyvilon.
    60 | D        | Found a viscous altar of Jiyva.
    60 | D        | Found a radiant altar of Vehumet.
    60 | D        | Found a deep blue altar of Sif Muna.
    60 | D        | Found an ancient bone altar of Kikubaaqudgha.
    60 | D        | Found a bloodstained altar of Trog.
    60 | D        | Found a corrupted altar of Lugonu.
    60 | D        | Noticed an oklob sapling priest
    63 | D        | Found a burning altar of Makhleb.
    63 | D        | Found a sacrificial altar of Ru.
    63 | D        | Splashed by an oklob sapling priest's acid

Table legend:
 A = Turns spent in this place as a percentage of turns spent in the entire game.
 B = Non-inter-level travel turns spent in this place as a percentage of non-inter-level travel turns spent in the entire game.
 C = Inter-level travel turns spent in this place as a percentage of turns spent in this place.
 D = Turns resting spent in this place as a percentage of non-inter-level travel turns spent in this place.
 E = Turns spent auto-exploring this place as a percentage of non-inter-level travel turns spent in this place.
 F = Non-inter-level travel turns spent in this place divided by the number of levels of this place that you've seen.
                   A       B       C       D       E      F
               +-------+-------+-------+-------+-------+----------------------
         Total | 100.0 | 100.0 |   0.0 |   0.0 |   0.0 |  59.0
       Dungeon | 100.0 | 100.0 |   0.0 |   0.0 |   0.0 |  59.0
               +-------+-------+-------+-------+-------+----------------------

Table legend:
 A = Kills in this place as a percentage of kills in entire the game.
 B = Kills by you in this place as a percentage of kills by you in the entire game.
 C = Kills by friends in this place as a percentage of kills by friends in the entire game.
 D = Other kills in this place as a percentage of other kills in the entire game.
 E = Experience gained in this place as a percentage of experience gained in the entire game.
 F = Experience gained in this place divided by the number of levels of this place that you have seen.
                   A       B       C       D       E      F
               +-------+-------+-------+-------+-------+----------------------
         Total | 100.0 | 100.0 |  -nan |  -nan | 100.0 |  86.0
       Dungeon | 100.0 | 100.0 |  -nan |  -nan | 100.0 |  86.0
               +-------+-------+-------+-------+-------+----------------------

Vanquished Creatures
  A worker ant (D)
  An oklob sapling (D)
  A river rat (D)
  A rat (D)
4 creatures vanquished.
